 Dungeon Crawl Stone Soup version 0.25-a0-861-g340c9e8194 (webtiles) character file.

Game seed: 4413445397715204541, levelgen mode: deterministic

581 Lugonue the Archer (level 7, -4/55 HPs)
             Began as a Centaur Hunter on Apr 29, 2020.
             Slain by Grinder (5 damage)
             ... on level 4 of the Dungeon.
             The game lasted 00:06:26 (3721 turns).

Lugonue the Archer (Centaur Hunter)                 Turns: 3721, Time: 00:06:26

Health: -4/55      AC:  6    Str: 17    XL:     7   Next: 13%
Magic:  7/7        EV:  9    Int: 10    God:
Gold:   156        SH:  0    Dex:  9    Spells: 6/6 levels left

rFire    . . .     SeeInvis .   e - +1 dagger (speed)
rCold    . . .     Gourm    .   (no shield)
rNeg     . . .     Faith    .   c - +0 leather armour
rPois    +         Spirit   .   s - +0 helmet
rElec    .         Reflect  .   (no cloak)
rCorr    .         Harm     .   v - +0 pair of gloves (curse)
MR       .....                  (no barding)
Stlth    +.........             (no amulet)
HPRegen  0.18/turn              j - ring of poison resistance
MPRegen  0.10/turn              (no ring)

@: very quick
A: large, hooves 3, deformed body, speed 2, tough skin 3
a: no special abilities


You were on level 4 of the Dungeon.
You were not hungry.

You visited 1 branch of the dungeon, and saw 4 of its levels.

You collected 156 gold pieces.

Inventory:

Hand Weapons
 a - a +1 shortbow
 b - a +0 short sword
 e - a +1 dagger of speed (weapon)
Armour
 c - a +0 leather armour (worn)
 s - a +0 helmet (worn)
 v - a cursed +0 pair of gloves (worn)
Jewellery
 j - a ring of poison resistance (left hand)
Wands
 h - a wand of polymorph (7)
Scrolls
 g - 2 scrolls of identify {unknown}
 i - 2 scrolls of magic mapping {unknown}
 k - a scroll of blinking {unknown}
 m - 4 scrolls of enchant weapon {unknown}
 o - a scroll of remove curse {unknown}
 q - 3 scrolls of amnesia {unknown}
 r - a scroll of teleportation {unknown}
Comestibles
 f - 7 rations


   Skills:
 - Level 2.0 Fighting
 + Level 11.2 Bows
 - Level 1.3 Dodging
 - Level 0.4 Stealth


You had 6 spell levels left.
You didn't know any spells.
Your spell library contained the following spells:

 Spells                   Type           Power        Failure   Level  Hunger
 Animate Skeleton         Necr           N/A          43%         1    ##.....
 Apportation              Tloc           #.....       43%         1    ##.....
 Corona                   Hex            #......      43%         1    ##.....
 Summon Small Mammal      Summ           #...         43%         1    ##.....


Dungeon Overview and Level Annotations

Branches:
Dungeon (4/15)
 Temple: D:4-7

Altars:
Trog
Vehumet

Annotations:
D:4 Grinder


Innate Abilities, Weirdness & Mutations

You have hooves in place of feet.
Armour fits poorly on your strangely shaped body.
You cover ground very quickly.
You have extremely tough skin. (AC +3)


Message History

Unknown command.
Okay, then.
It was a potion of flight.
You feel very buoyant.
You fly up into the air.
You flicker back into view.
The orc wizard mumbles some strange words.
The orc wizard flickers and vanishes!
Deactivating autopickup; reactivate with Ctrl-A.
It was a potion of cancellation.
Your magical effects are unravelling.
You feel magically purged.
Your magical contamination has completely faded away.
You float gracefully downwards.
Something hits you.
* * * LOW HITPOINT WARNING * * *
Grinder grins, showing sharp teeth.
Grinder hits you.
* * * LOW HITPOINT WARNING * * *
You writhe in agony.
You die...

#### ###..#
#####...##
######@....#.#
######...W5{####..#
#......###### #.##
####.###### ##.#
#....# #.(#
###.#### #(#######
#...# #5......#
#.### #(......# ..#
#(......#


You could see Grinder and a phantom.

Vanquished Creatures
  Sigmund (D:3)
  Menkaure (D:4)
  2 orc priests
  A hound (D:4)
  A centaur skeleton (D:4)
  Terence (D:3)
  A worker ant (D:4)
  An adder (D:3)
  An ooze (D:1)
  5 worms
  A dart slug (D:4)
  3 leopard geckos
  14 orcs
  4 ball pythons
  3 giant cockroaches
  12 goblins
  6 hobgoblins
  4 jackals (D:1)
  4 quokkas
  10 bats
  6 frilled lizards
  8 kobolds
  11 rats
101 creatures vanquished.

Notes
Turn   | Place    | Note
-------+----------+-------------------------------------------
     0 | D:1      | Lugonue the Centaur Hunter began the quest for the Orb.
     0 | D:1      | Reached XP level 1. HP: 17/17 MP: 1/1
   320 | D:1      | Reached XP level 2. HP: 15/24 MP: 2/2
   322 | D:1      | Reached skill level 6 in Bows
   800 | D:1      | Reached XP level 3. HP: 28/29 MP: 3/3
   997 | D:2      | Reached skill level 7 in Bows
  1447 | D:2      | Found a bloodstained altar of Trog.
  1752 | D:2      | Reached XP level 4. HP: 35/36 MP: 4/4
  2141 | D:3      | Noticed Sigmund
  2632 | D:3      | Reached skill level 8 in Bows
  2786 | D:3      | Reached XP level 5. HP: 28/41 MP: 5/5
  2837 | D:3      | Noticed Terence
  2876 | D:3      | Killed Terence
  2906 | D:3      | Killed Sigmund
  2906 | D:3      | Reached skill level 9 in Bows
  2906 | D:3      | Reached XP level 6. HP: 29/48 MP: 6/6
  3118 | D:3      | Reached skill level 10 in Bows
  3503 | D:4      | Noticed Menkaure
  3508 | D:4      | Killed Menkaure
  3508 | D:4      | Reached XP level 7. HP: 30/55 MP: 7/7
  3568 | D:4      | Reached skill level 11 in Bows
  3581 | D:4      | Found a radiant altar of Vehumet.
  3586 | D:4      | Noticed Grinder
  3588 | D:4      | Paralysed by Grinder for 5 turns
  3688 | D:4      | Paralysed by Grinder for 6 turns
  3721 | D:4      | HP: 1/55 [Grinder (6)]
  3721 | D:4      | Slain by Grinder

Levels and vault maps discovered:
D:1:      nicolae_arrival_washed_ashore, layout_rooms
D:2:      layout_basic, trog_butcher_becter
D:3:      layout_loops_ring, first_ration, uniq_sigmund, uniq_terence
D:4:      layout_rooms, vehumet_crystals, uniq_menkaure, uniq_grinder

Skill      XL: |  1  2  3  4  5  6  7 |
---------------+----------------------+-----
Bows           | 6 7 8 9 10 11 | 11.2
Fighting       | |  2.0
Dodging        | |  1.3
Stealth        | |  0.4

Action                   |  1- 3 |  4- 6 |  7- 9 || total
-------------------------+-------+-------+-------++-------
Melee: Dagger            |   116 |   118 |    21 ||   255
       Kick              |    23 |    34 |     5 ||    62
       Short sword       |    48 |     9 |       ||    57
 Fire: Shortbow          |     9 |    80 |    50 ||   139
  Use: Potion            |       |     2 |     6 ||     8
 Stab: Invisible         |       |     4 |       ||     4
  Eat: Chunk             |     2 |     5 |       ||     7
Armor: Leather armour    |    50 |    29 |     8 ||    87
Dodge: Dodged            |    72 |    45 |    12 ||   129

Table legend:
 A = Non-vault XP
 B = Vault XP
 C = Vault XP percentage of total XP
 D = Non-vault monster count
 E = Vault monster count
 F = Vault count percentage of total count
                 A         B        C        D         E       F
            +---------+---------+-------+---------+---------+-------
      Total |     392 |     438 |  52.8 |      94 |       7 |   6.9
            +---------+---------+-------+---------+---------+-------
        D:1 |      57 |       0 |   0.0 |      34 |       0 |   0.0
        D:2 |      61 |      10 |  14.1 |      27 |       4 |  12.9
        D:3 |     101 |     259 |  71.9 |      22 |       2 |   8.3
        D:4 |     173 |     169 |  49.4 |      11 |       1 |   8.3
            +---------+---------+-------+---------+---------+-------
